 Dungeon Crawl Stone Soup version 0.20-a0-700-gbd4582c (webtiles) character file.

2533 Kaname the Jinx (level 9, -1/57 HPs)
             Began as a Demonspawn Enchanter on Feb 20, 2017.
             Slain by a gnoll
             ... wielding a +2 vampiric halberd
              (15 damage)
             ... on level 6 of the Dungeon.
             The game lasted 00:35:24 (10354 turns).

Kaname the Jinx (Demonspawn Enchanter)             Turns: 10354, Time: 00:35:24

Health: -1/57      AC:  9    Str:  9    XL:     9   Next: 30%
Magic:  0/12       EV: 12    Int: 19    God:
Gold:   349        SH:  0    Dex: 14    Spells: 3/12 levels left

rFire    . . .     SeeInvis .   H - +1 dagger (speed)
rCold    . . .     Gourm    .   b - +0 robe
rNeg     + . .     Faith    .   (no shield)
rPois    .         Spirit   +   (no helmet)
rElec    .         Reflect  .   K - +2 cloak
rCorr    .         Harm     .   t - +0 pair of gloves
MR       .....                  n - +2 pair of boots
Stlth    ++++......             (no amulet)
Regen    0.2/turn               (no ring)
MPRegen  0.3/turn               y - ring of positive energy

@: very slightly contaminated
A: claws 2, powered by death 1, magic shield, magic regeneration
a: no special abilities


You were on level 6 of the Dungeon.
You were not hungry.

You visited 2 branches of the dungeon, and saw 8 of its levels.

You collected 349 gold pieces.

Inventory:

Hand Weapons
 B - a +1 falchion of holy wrath
 H - a +1 dagger of speed (weapon)
Missiles
 i - 66 bolts
 j - 66 poisoned needles
 p - 117 arrows
 v - a throwing net (quivered)
 A - 9 tomahawks
Armour
 b - a +0 robe (worn)
 n - a +2 pair of boots (worn)
 t - a +0 pair of gloves (worn)
 K - a +2 cloak (worn)
Jewellery
 y - a ring of positive energy (left hand)
Wands
 a - a wand of iceblast (4/15)
Scrolls
 e - a scroll of recharging
 g - 2 scrolls of teleportation
 o - 6 scrolls of remove curse
 r - 4 scrolls of enchant armour
 u - 2 scrolls of immolation
 D - a scroll of amnesia {unknown}
 G - a scroll of fog {unknown}
Potions
 l - a potion of degeneration {unknown}
 q - a potion of haste {unknown}
 s - a potion of invisibility {unknown}
 w - 2 potions of lignification
 z - a potion of resistance {unknown}
 C - a potion of heal wounds
 E - a potion of agility
 I - a potion of brilliance
Books
 c - a book of Maledictions

   Spells                             Type                      Level
   a - Corona                         Hexes                        1
   b - Ensorcelled Hibernation        Hexes/Ice                    2
   c - Confuse                        Hexes                        3
   d - Tukima's Dance                 Hexes                        3
   e - Dazzling Spray                 Conjuration/Hexes            3
Comestibles
 d - 7 bread rations
 f - 3 meat rations
 h - 9 chunks of flesh
 m - 4 royal jellies
 x - 5 fruits


   Skills:
 - Level 6.0 Short Blades
 - Level 1.7 Dodging
 + Level 7.9 Stealth
 - Level 2.0 Spellcasting
 - Level 8.0 Hexes
 - Level 2.0 Ice Magic


You had 3 spell levels left.
You knew the following spells:

 Your Spells              Type           Power        Failure   Level  Hunger
a - Corona                Hex            ####...      1%          1    #......
b - Ensorcelled Hibernat  Hex/Ice        ###...       3%          2    ###....
c - Confuse               Hex            ####....     1%          3    ###....
d - Tukima's Dance        Hex            ####....     1%          3    ###....


Dungeon Overview and Level Annotations

Branches:
Dungeon (7/15)             Temple (1/1) D:6

Altars:
Ashenzari
Dithmenos
Elyvilon
Fedhas
Gozag
Hepliaklqana Ieoh Jian
Kikubaaqudgha
Makhleb
Nemelex Xobeh
Okawaru
Qazlal
Ru
Sif Muna
Trog
Uskayaw
Xom
Yredelemnul
Zin
The Shining One


Innate Abilities, Weirdness & Mutations

You have very sharp fingernails.
You regenerate a little health from kills.
When hurt, damage is shared between your health and your magic reserves.
You regenerate magic rapidly.


Message History

You are too injured to fight recklessly!
You are too injured to fight recklessly!
You are too injured to fight recklessly!
You are too injured to fight recklessly!
You are too injured to fight recklessly!
You completely miss the gnoll.
The gnoll is severely wounded.
You hit the gnoll.
The gnoll is severely wounded.
You hit the gnoll.
The gnoll is almost dead.
The gnoll hits you with a vampiric halberd!
* * * LOW HITPOINT WARNING * * *
The gnoll draws strength from your wounds!
You hit the gnoll but do no damage.
The gnoll is severely wounded.
You hit the gnoll.
The gnoll is severely wounded.
The gnoll hits you with a vampiric halberd!
You die...

###.......## ##.## #....##
##..###..## ##.####...###
#..# ###.## ##.##.......
##.## ##.## #.g.>...### ##.#
#..## ##.g......# #.##
##..### ###..g....
##)#####....###########....
#)[.....g........## ###).
####.....@[..g....## ##..#
####....######...###.)##
####......## ##......)##
##...>....## ##......).
#.######### ##....... #.#
##### #####.....# #.#
#...#####.####..### #.##
##.........#.##..##.
##.######..........##.......


You could see 2 gnolls.

Vanquished Creatures
  Pikel (D:5)
  Eustachio (D:5)
  3 orc warriors
  4 slaves
  2 phantoms
  An ogre (D:5)
  2 bullfrogs (D:7)
  A scorpion (D:7)
  4 wights (D:6)
  A howler monkey (D:7)
  2 crimson imps
  2 hounds
  An orc priest (D:6)
  A gnoll shaman (D:6)
  3 orc wizards
  2 jellies
  Jessica (D:2)
  A bullfrog skeleton (D:4)
  3 worker ants (D:4)
  Natasha (thrice) (D:2)
  5 iguanas
  A killer bee zombie (D:7)
  A hound skeleton (D:5)
  A howler monkey skeleton (D:6)
  A worker ant zombie (D:5)
  6 adders
  8 gnolls
  An ooze (D:5)
  3 adder skeletons
  A worm (D:3)
  3 dart slugs
  4 leopard geckos
  31 orcs
  7 giant cockroaches
  10 goblins
  13 hobgoblins
  18 jackals
  5 quokkas
  2 ball pythons
  12 bats
  4 frilled lizards
  A jackal zombie (D:3)
  11 kobolds
  A leopard gecko skeleton (D:6)
  A leopard gecko zombie (D:5)
  3 rats
193 creatures vanquished.

Notes
Turn   | Place    | Note
-------+----------+-------------------------------------------
     0 | D:1      | Kaname the Demonspawn Enchanter began the quest for the Orb.
     0 | D:1      | Reached XP level 1. HP: 13/13 MP: 3/3
    52 | D:1      | Reached skill level 1 in Short Blades
   565 | D:1      | Gained mutation: You have sharp fingernails. [demonic ancestry]
   565 | D:1      | Reached XP level 2. HP: 18/19 MP: 5/5
  1071 | D:1      | You fall through a shaft!
  1077 | D:2      | Found a shadowy altar of Dithmenos.
  1091 | D:2      | Learned a level 2 spell: Ensorcelled Hibernation
  1097 | D:2      | Found a shimmering altar of Xom.
  1117 | D:2      | Found a sparkling altar of Nemelex Xobeh.
  1566 | D:1      | Gained mutation: You regenerate a little health from kills. [demonic ancestry]
  1566 | D:1      | Reached XP level 3. HP: 21/24 MP: 6/6
  2119 | D:2      | Found a deep blue altar of Sif Muna.
  2247 | D:2      | Found a sparkling altar of Nemelex Xobeh.
  2247 | D:2      | Noticed Jessica
  2251 | D:2      | Killed Jessica
  2251 | D:2      | Reached skill level 4 in Hexes
  2251 | D:2      | Gained mutation: When hurt, damage is shared between your health and your magic reserves. [demonic ancestry]
  2251 | D:2      | Reached XP level 4. HP: 30/30 MP: 7/7
  2451 | D:2      | Noticed Natasha
  2474 | D:2      | Killed Natasha
  2606 | D:2      | Noticed Natasha
  2612 | D:2      | Killed Natasha
  2612 | D:2      | Reached skill level 5 in Hexes
  2612 | D:2      | Gained mutation: You have very sharp fingernails. [demonic ancestry]
  2612 | D:2      | Reached XP level 5. HP: 33/35 MP: 3/8
  2661 | D:2      | Found a faded altar of an unknown god.
  2748 | D:2      | Noticed Natasha
  2757 | D:2      | Killed Natasha
  3214 | D:3      | Learned a level 3 spell: Confuse
  3826 | D:3      | Reached skill level 1 in Ice Magic
  4269 | D:3      | Reached XP level 6. HP: 33/41 MP: 0/9
  4837 | D:4      | Noticed an orc warrior
  5226 | D:4      | Noticed an orc warrior
  5439 | D:4      | Found a burning altar of Makhleb.
  5439 | D:4      | Noticed a balrug
  5922 | D:4      | Gained mutation: You regenerate magic rapidly. [demonic ancestry]
  5922 | D:4      | Reached XP level 7. HP: 34/46 MP: 0/10
  6210 | D:4      | You fall through a shaft for 3 floors!
  6268 | D:7      | Reached skill level 5 in Stealth
  6536 | D:7      | Reached skill level 6 in Hexes
  6825 | D:7      | Reached XP level 8. HP: 52/52 MP: 3/11
  7126 | D:5      | Entered Level 5 of the Dungeon
  7155 | D:5      | Noticed Pikel
  7494 | D:5      | Killed Pikel
  7814 | D:5      | Learned a level 3 spell: Tukima's Dance
  7906 | D:5      | Reached skill level 7 in Hexes
  8005 | D:5      | Noticed Eustachio
  8008 | D:5      | Killed Eustachio
  8413 | D:5      | Reached skill level 8 in Hexes
  8621 | D:4      | Reached XP level 9. HP: 57/57 MP: 9/12
  8984 | D:6      | Found a sacrificial altar of Ru.
  9354 | D:6      | Found a staircase to the Ecumenical Temple.
  9455 | Temple   | Entered the Ecumenical Temple
 10237 | D:6      | Found a blossoming altar of Fedhas.
 10354 | D:6      | Slain by a gnoll

Vault maps used:
D:1:      lemuel_arrival_funnel
D:2:      wad_pebble_path, marbit_many_paths, nemelex_xobeh_ov_fountains_minmay,
          amethyst_overflow_temple_binary, first_bread,
          chequers_ecumenical_altar_simple, nemelex_lonely_heart_becter,
          uniq_natasha, uniq_jessica
D:3:      minmay_close_crescents
D:4:      minmay_misc_feat_five, makhleb_altar_promises_db
D:5:      columned_hall_lemuel, st_stairs_1, uniq_pikel, uniq_eustachio
D:6:      nicolae_ru_awakened_eye, grunt_temple_overflow_open, temple_statues
D:7:      serial_shops, shop
Temple:   minmay_temple_curvy_branch

Skill      XL: |  1  2  3  4  5  6  7  8  9 |
---------------+----------------------------+-----
Short Blades   | 2 4 6 |  6.0
Stealth        | 3 4 6 7 |  7.9
Hexes          | 4 5 6 8 |  8.0
Ice Magic      | 1 2 |  2.0
Dodging        | |  1.7
Spellcasting   | |  2.0

Action                   |  1- 3 |  4- 6 |  7- 9 || total
-------------------------+-------+-------+-------++-------
Melee: Dagger            |   177 |   407 |   564 ||  1148
 Fire: Hunting sling     |     3 |       |       ||     3
 Cast: Corona            |     1 |       |       ||     1
       Ensorcelled Hiber |     2 |    37 |    57 ||    96
       Confuse           |       |     3 |    14 ||    17
  Use: Scroll            |       |     4 |     4 ||     8
       Potion            |       |       |     1 ||     1
 Stab: Sleeping          |     5 |    26 |    24 ||    55
       Confused          |       |     2 |    11 ||    13
       Distracted        |       |       |     1 ||     1
  Eat: Chunk             |     4 |    15 |    20 ||    39
Armor: Robe              |    38 |   118 |   106 ||   262
Dodge: Dodged            |   106 |   268 |   161 ||   535
